[Event "Go-Makkah Chess Festival 2019"]
[Site "Sousse"]
[Date "2019.09.07"]
[Round "8.6"]
[White "Al Ghamdi, Ahmed M"]
[Black "Zrikem, Nassim"]
[Result "0-1"]
[ECO "C55"]
[WhiteElo "2113"]
[BlackElo "2090"]
[Annotator "ChessBase"]
[PlyCount "96"]
[EventDate "2019.09.02"]
[EventType "swiss"]
[EventCountry "TUN"]
[SourceTitle "playchess.com"]
[Source "ChessBase"]
[SourceQuality "1"]
[TimeControl "5400+30"]

1. e4 e5 2. Nf3 Nc6 3. Bc4 Nf6 4. d3 Be7 5. O-O d6 6. a4 O-O 7. Re1 Na5 8. Ba2 c5 9. Nbd2 Be6 10. Bxe6 fxe6 11. Nf1 Nc6 12. c3 Qd7 13. Ng3 Bd8 14. h3 Bb6 15. Be3 Rac8 16. Qe2 Qc7 17. Ng5 Rce8 18. Rec1 d5 19. b4 cxb4 20. cxb4 Qd6 21. Rab1 Nxb4 22. a5 Bxe3 23. Qxe3 b6 24. axb6 d4 25. Qd2 a5 26. Nf3 Nd7 27. Rc7 Nxb6 28. Rbc1 Rc8 29. Rxc8 Rxc8 30. Rxc8+ Nxc8 31. Qc1 Nb6 32. Nh5 h6 33. Qa3 Qc5 34. Nd2 a4 35. Nc4 Nxd3 36. Qxd3 Qxc4 37. Qd1 Qc7 38. Qb1 a3 39. Qb3 Nc4 40. Qa4 d3 41. Qe8+ Kh7 42. Qxe6 a2 43. Qf5+ Kh8 44. Qf8+ Kh7 45. Qf5+ Kg8 46. Qe6+ Qf7 47. Qa6 d2 48. Qa4 Nb2 0-1

[Event "Go-Makkah Chess Festival 2019"]
[Site "Sousse"]
[Date "2019.09.07"]
[Round "8.7"]
[White "Rian, Saad"]
[Black "Alkrnaf, Mohamed Othman"]
[Result "1-0"]
[ECO "D37"]
[WhiteElo "2100"]
[BlackElo "1915"]
[Annotator "ChessBase"]
[PlyCount "89"]
[EventDate "2019.09.02"]
[EventType "swiss"]
[EventCountry "TUN"]
[SourceTitle "playchess.com"]
[Source "ChessBase"]
[SourceQuality "1"]
[TimeControl "5400+30"]

1. d4 d5 2. Nf3 Nf6 3. c4 e6 4. Nc3 Be7 5. Bf4 c6 6. c5 a5 7. a3 b5 8. h3 Bb7 9. e3 Na6 10. Bd3 Nd7 11. O-O f6 12. Qc2 g6 13. Bxg6+ hxg6 14. Qxg6+ Kf8 15. Bh6+ Rxh6 16. Qxh6+ Kf7 17. Qh7+ Ke8 18. Qg6+ Kf8 19. e4 Qe8 20. Qh6+ Kg8 21. exd5 exd5 22. Rfe1 Qf7 23. Nh4 Bf8 24. Qf4 Re8 25. Nf5 Bc8 26. Re3 Rxe3 27. fxe3 Bg7 28. Rf1 Nf8 29. Nd6 Qe6 30. e4 Nc7 31. Nf5 Ne8 32. exd5 cxd5 33. Nxg7 Kxg7 34. Nxb5 Ba6 35. a4 Ng6 36. Qg3 f5 37. Re1 Qd7 38. Qb8 Nf6 39. Qb6 Bxb5 40. axb5 f4 41. Re6 Qf7 42. h4 Nxh4 43. Rxf6 Qxf6 44. Qxf6+ Kxf6 45. b6 1-0

[Event "Go-Makkah Chess Festival 2019"]
[Site "Sousse"]
[Date "2019.09.07"]
[Round "8.8"]
[White "Rian, Moubarak"]
[Black "Ahmed AlRehily"]
[Result "1-0"]
[ECO "D58"]
[WhiteElo "2048"]
[BlackElo "1827"]
[Annotator "NA"]
[PlyCount "81"]
[EventDate "2019.09.02"]
[EventType "swiss"]
[EventCountry "TUN"]
[SourceTitle "playchess.com"]
[Source "ChessBase"]
[SourceQuality "1"]
[TimeControl "5400+30"]

1. Nf3 Nf6 2. c4 e6 3. Nc3 d5 4. d4 Be7 5. Bg5 Nbd7 6. e3 h6 7. Bh4 O-O 8. Rc1 b6 9. cxd5 exd5 10. Bd3 Bb7 11. Bg3 Ne4 12. Bxc7 Qxc7 13. Nxe4 Qxc1 14. Nf6+ Nxf6 15. Qxc1 Rac8 16. Qb1 Rc7 17. O-O Ne4 18. Rd1 Rfc8 19. a3 Bxa3 20. Bxe4 dxe4 21. Ne5 Bb4 22. h4 Bd5 23. f3 Rc2 24. b3 R8c3 25. Rf1 a5 26. Kh2 f6 27. f4 fxe5 28. fxe5 Re2 29. Rc1 Rexe3 30. Rxc3 Rxc3 31. Qf1 e3 32. Qb5 Bc6 33. Qe2 b5 34. Qg4 Bd5 35. Qd7 e2 36. Qxd5+ Kh8 37. Qa8+ Kh7 38. Qe4+ Kh8 39. Qxe2 Rxb3 40. Qxb5 Rb1 41. d5 1-0

[Event "Go-Makkah Chess Festival 2019"]
[Site "Sousse"]
[Date "2019.09.07"]
[Round "8.9"]
[White "Ben Ghanem, Hamed"]
[Black "Mohamed, Nouali"]
[Result "1-0"]
[ECO "D00"]
[WhiteElo "2064"]
[BlackElo "2061"]
[Annotator "NA"]
[PlyCount "77"]
[EventDate "2019.09.02"]
[EventType "swiss"]
[EventCountry "TUN"]
[SourceTitle "playchess.com"]
[Source "ChessBase"]
[SourceQuality "1"]
[TimeControl "5400+30"]

1. d4 d5 2. Bf4 Nf6 3. e3 g6 4. Nd2 Bg7 5. h4 (5. h3 O-O 6. Ngf3 c5 7. c3 b6 8. a4 Nc6 9. Bd3 Nd7 10. Bh2 Bb7 11. O-O e5 12. e4 exd4 13. exd5 Nce5 14. Nxe5 Nxe5 15. Bxe5 Bxe5 {½-½ (41) Nakamura,H (2779)-Yu,Y (2729) Doha 2016}) 5... c5 6. c3 {[%emt 0:00:15] D00: 1 d4 d5: Unusual lines} Nc6 7. Be2 $146 ({Predecessor:} 7. Ngf3 Qb6 8. Qb3 c4 9. Qxb6 axb6 10. a3 Bf5 11. Be2 {1-0 (41) Cernousek,L (2183)-Jirka,J (2173) Svetla nad Sazavou 1999}) 7... h6 8. Ngf3 Nd7 9. Qb3 cxd4 10. exd4 Nb6 11. O-O O-O 12. Rfe1 Bf5 13. Bf1 e6 14. a4 Qd7 15. a5 Nc8 16. a6 b6 17. Bb5 Nd6 18. Ba4 h5 19. Ne5 Bxe5 20. dxe5 Ne4 21. Nxe4 Bxe4 22. Qd1 Qc7 23. Bxc6 Qxc6 24. Bg5 Qb5 25. Bf6 (25. f3 $14 Bf5 26. Qd2) 25... Qxb2 26. Qd4 (26. c4 $15) 26... Rac8 27. Qe3 Kh7 28. Rac1 Rc4 29. Be7 Re8 30. Bb4 $19 Bf5 31. f3 Rxh4 32. Re2 Qb3 33. g4 hxg4 34. Qg5 Rh5 35. Rh2 Rxh2 36. Kxh2 Rh8 37. Kg3 Kg8 38. Qd8+ Kg7 39. Bf8+ 1-0

[Event "Go-Makkah Chess Festival 2019"]
[Site "Sousse"]
[Date "2019.09.08"]
[Round "9.2"]
[White "Miezis, Normunds"]
[Black "Rian, Saad"]
[Result "1-0"]
[ECO "A36"]
[WhiteElo "2486"]
[BlackElo "2100"]
[Annotator "RC"]
[PlyCount "125"]
[EventDate "2019.09.02"]
[EventType "swiss"]
[EventCountry "TUN"]
[SourceTitle "playchess.com"]
[Source "ChessBase"]
[SourceQuality "1"]
[TimeControl "5400+30"]

1. c4 e6 2. e4 c5 3. Nc3 Nc6 4. g3 g6 5. Bg2 Bg7 6. Nge2 Nge7 7. d3 O-O 8. h4 Nd4 9. Rb1 d5 10. exd5 exd5 11. Nxd4 cxd4 12. Nxd5 Nxd5 13. Bxd5 Qa5+ 14. Bd2 Re8+ 15. Kf1 Qxa2 16. Kg2 Qa6 17. h5 Be6 18. Bf3 Bd7 19. Ra1 Qb6 20. b4 Bc6 21. b5 Bxf3+ 22. Qxf3 Qc7 23. h6 Bf8 24. Rhe1 b6 25. Bf4 Qd7 26. Be5 Qf5 27. Qxf5 gxf5 28. Bf4 Rxe1 29. Rxe1 f6 30. Re6 Kf7 31. Rc6 Re8 32. Kf3 Kg6 33. Rc7 Re7 34. Rc8 Bxh6 35. Rd8 Bxf4 36. Kxf4 a5 37. bxa6 Ra7 38. Rxd4 Rxa6 39. Rd6 Ra3 40. Ke3 Rb3 41. Rd8 h5 42. Rb8 Rb4 43. f4 Kf7 44. Kd4 Rb3 45. Rb7+ Ke6 46. Rb8 Kf7 47. Ke3 Ke6 48. c5 b5 49. Rb6+ Kf7 50. Kd4 Ke7 51. Rd6 Ra3 52. Rd5 Ke6 53. c6 Ra7 54. Kc5 b4 55. Rd8 b3 56. Re8+ Kf7 57. Rb8 Ra3 58. d4 Ke7 59. Rb7+ Kd8 60. Kd6 Kc8 61. d5 b2 62. Rxb2 Rxg3 63. c7 1-0

[Event "Go-Makkah Chess Festival 2019"]
[Site "Sousse"]
[Date "2019.09.08"]
[Round "9.3"]
[White "Kjartansson, David"]
[Black "Ezat, Mohamed"]
[Result "1/2-1/2"]
[ECO "B13"]
[WhiteElo "2401"]
[BlackElo "2458"]
[Annotator "ChessBase"]
[PlyCount "116"]
[EventDate "2019.09.02"]
[EventType "swiss"]
[EventCountry "TUN"]
[SourceTitle "playchess.com"]
[Source "ChessBase"]
[SourceQuality "1"]
[TimeControl "5400+30"]

1. d4 Nf6 2. Nc3 d5 3. Bf4 c5 4. e3 cxd4 5. exd4 a6 6. Nf3 Bg4 7. h3 Bxf3 8. Qxf3 Nc6 9. O-O-O e6 10. g4 Bb4 11. a3 Be7 12. g5 Nd7 13. h4 b5 14. Nxd5 exd5 15. Qxd5 Na5 16. Bh3 Ra7 17. h5 Nc4 18. g6 O-O 19. gxf7+ Rxf7 20. Be6 Qf8 21. h6 g6 22. Rhe1 Nf6 23. Qc6 Bxa3 24. Rd3 Qb4 25. Qc8+ Qf8 26. bxa3 Qxc8 27. Bxc8 Nd7 28. Bg3 Ncb6 29. Rc3 Nxc8 30. Rxc8+ Rf8 31. Rc6 Rf6 32. d5 Kf7 33. d6 Re6 34. Rd1 Ra8 35. Rc7 Ke8 36. Rd3 g5 37. Rd5 Rg6 38. Kd2 Kf7 39. Rd3 Rd8 40. f4 Kf6 41. Rd4 Ke6 42. fxg5 Rxg5 43. Bh4 Rg2+ 44. Kc1 Rf8 45. Be7 Rf1+ 46. Kb2 Rff2 47. Rd3 Re2 48. Rcc3 Rh2 49. Rc6 Ne5 50. Rdc3 Nxc6 51. Rxc6 a5 52. Rc5 b4 53. axb4 axb4 54. Rc4 Rxh6 55. Rxb4 Rhh2 56. Rc4 h5 57. Kb3 h4 58. Bxh4 Rxc2 1/2-1/2

[Event "Go-Makkah Chess Festival 2019"]
[Site "Sousse"]
[Date "2019.09.08"]
[Round "9.4"]
[White "Romero Holmes, Alfonso"]
[Black "Rian, Moubarak"]
[Result "1/2-1/2"]
[ECO "A33"]
[WhiteElo "2414"]
[BlackElo "2048"]
[Annotator "NA"]
[PlyCount "22"]
[EventDate "2019.09.02"]
[EventType "swiss"]
[EventCountry "TUN"]
[SourceTitle "playchess.com"]
[Source "ChessBase"]
[SourceQuality "1"]
[TimeControl "5400+30"]

1. d4 Nf6 2. Nf3 e6 3. g3 c5 4. Bg2 cxd4 5. O-O Nc6 6. Nxd4 Bc5 7. Nb3 Be7 8. c4 O-O 9. Nc3 Na5 10. Nxa5 Qxa5 11. Bd2 Qc7 1/2-1/2

[Event "Go-Makkah Chess Festival 2019"]
[Site "Sousse"]
[Date "2019.09.08"]
[Round "9.7"]
[White "Ahmed AlRehily"]
[Black "Bouzidi, Ahmed"]
[Result "0-1"]
[ECO "B53"]
[WhiteElo "1827"]
[BlackElo "2197"]
[Annotator "ChessBase"]
[PlyCount "56"]
[EventDate "2019.09.02"]
[EventType "swiss"]
[EventCountry "TUN"]
[SourceTitle "playchess.com"]
[Source "ChessBase"]
[SourceQuality "1"]
[TimeControl "5400+30"]

1. e4 c5 2. Nf3 d6 3. d4 cxd4 4. Qxd4 a6 5. h3 Nc6 6. Qe3 Nf6 7. c4 g6 8. Nc3 Bg7 9. Be2 O-O 10. O-O Nd7 11. Rb1 Qb6 12. Nd5 Qxe3 13. Bxe3 Rb8 14. b4 Nf6 15. Bd3 b5 16. cxb5 axb5 17. Nd4 Ne5 18. Nxf6+ Bxf6 19. Bxb5 Bb7 20. f3 d5 21. exd5 Bxd5 22. a4 Bc4 23. Rfd1 Bxb5 24. Nxb5 Nc4 25. Bc5 Rb7 26. Nd4 Rc8 27. Rdc1 Nd2 28. Nb3 Nxb3 0-1

[Event "Go-Makkah Chess Festival 2019"]
[Site "Sousse"]
[Date "2019.09.08"]
[Round "9.9"]
[White "Boulaares, Adam"]
[Black "Ben Ghanem, Hamed"]
[Result "1/2-1/2"]
[ECO "B07"]
[WhiteElo "1730"]
[BlackElo "2064"]
[Annotator "NA"]
[PlyCount "67"]
[EventDate "2019.09.02"]
[EventType "swiss"]
[EventCountry "TUN"]
[SourceTitle "playchess.com"]
[Source "ChessBase"]
[SourceQuality "1"]
[TimeControl "5400+30"]

1. e4 d6 2. d4 Nf6 3. Nc3 Nbd7 4. Be3 e5 5. Qd2 Be7 6. g3 Ng4 7. Bg2 c6 8. Nge2 Nxe3 9. Qxe3 Qc7 10. O-O O-O 11. d5 Qb6 12. Qxb6 Nxb6 13. Rad1 c5 14. b3 f5 15. f4 exf4 16. Nxf4 fxe4 17. Nxe4 Bf5 18. c4 Bxe4 19. Bxe4 Nd7 20. Ne6 Rxf1+ 21. Rxf1 Ne5 22. a3 a6 23. a4 Bf6 24. h3 Rb8 25. a5 b6 26. axb6 Rxb6 27. Bc2 h6 28. Kg2 a5 29. Nc7 Kf7 30. Nb5 a4 31. Rf4 axb3 32. Bxb3 Ke7 33. Rf2 Ra6 34. Rf1 1/2-1/2